 Dungeon Crawl Stone Soup version 0.29.0-13-gc9e81de378 (webtiles) character file.

Game seed: 4741789391565801268

11 Flippered the Caller (level 2, -4/23 HPs)
             Began as a Hill Orc Summoner on Sept 9, 2022.
             Slain by a gnoll
             ... wielding a +0 spear
              (8 damage)
             ... on level 2 of the Dungeon.
             The game lasted 00:01:55 (1125 turns).

Flippered the Caller (Hill Orc Summoner)            Turns: 1125, Time: 00:01:56

Health: -4/23      AC:  2    Str: 10    XL:     2   Next: 29%
Magic:  2/4        EV: 12    Int: 15    God:
Gold:   60         SH:  0    Dex: 11    Spells: 1/4 levels left

rFire   . . .      SeeInvis .   f - +0 hand axe
rCold   . . .      Faith    .   (no shield)
rNeg    . . .      Spirit   .   a - +0 robe
rPois   .          Reflect  .   (no helmet)
rElec   .          Harm     .   (no cloak)
rCorr   .          Rampage  .   (no gloves)
Will    .....                   (no boots)
Stlth   ++........              (no amulet)
HPRegen 0.07/turn               (no ring)
MPRegen 0.09/turn               (no ring)

@: no status effects
A: no striking features
a: no special abilities


You were on level 2 of the Dungeon.
You visited 1 branch of the dungeon, and saw 2 of its levels.

You collected 60 gold pieces.

Inventory:

Hand Weapons
 c - a +0 whip
 f - a +0 hand axe (weapon)
Armour
 a - a +0 robe (worn)
Scrolls
 e - a scroll of poison {unknown}
 g - 2 scrolls of amnesia {unknown}
Potions
 b - 2 potions of magic
 d - a potion of attraction {unknown}


   Skills:
 + Level 1.1 Fighting
 - Level 1.5 Dodging
 - Level 1.5 Stealth
 - Level 1.5 Spellcasting
 * Level 4.3 Summonings


You had one spell level left.
You knew the following spells:

 Your Spells              Type           Power      Damage    Failure   Level
a - Summon Small Mammal   Summ           56%        N/A       3%          1
b - Call Imp              Summ           14%        N/A       6%          2

Your spell library contained the following spells:

 Spells                   Type           Power      Damage    Failure   Level
 Call Canine Familiar     Summ           14%        N/A       12%         3
 Summon Guardian Golem    Hex/Summ       7%         N/A       28%         3
 Summon Lightning Spire   Summ/Air       7%         N/A       67%         4


Dungeon Overview and Level Annotations

Branches:
Dungeon (2/15)

Altars:


Message History

Memorise Call Imp, consuming 2 spell levels and leaving 1?
You start memorising the spell.
You continue memorising. x2
You finish memorising.
Spell assigned to 'b'.
Done exploring.
(D) Dungeon
Where to? (? - help)
There is a stone staircase leading down here.
You climb downwards.
There is a stone staircase leading up here.
A gnoll comes into view. It is wielding a +0 halberd.
A gnoll comes into view. It is wielding a +0 spear.
There is a stone staircase leading up here.
A gnoll comes into view. It is wielding a +0 club.
The gnoll shouts!
You hear a shout! x2
The gnoll throws a throwing net.
The throwing net hits you.
You become entangled in the net!
You see here a throwing net.
You tear a large gash into the net.
You shred the net and break free!
A beastly little devil appears in a puff of frigid air.
The gnoll hits you from afar with a +0 halberd!
Ouch! That really hurt!
Your white imp hits the gnoll.
Your white imp freezes the gnoll.
The gnoll hits you with a +0 spear.
* * * LOW HITPOINT WARNING * * *
You slash the gnoll! Your punch misses the gnoll.
The gnoll is heavily wounded.
The gnoll barely misses you.
Your white imp hits the gnoll.
Your white imp freezes the gnoll.
You hit the gnoll.
The gnoll is heavily wounded.
You hit the gnoll. The gnoll misses you.
Your white imp gestures at the gnoll.
The puff of frost hits the gnoll!
You hit the gnoll but do no damage.
The gnoll is heavily wounded.
You closely miss the gnoll. You hit the gnoll.
You kill the gnoll!
The gnoll hits you with a +0 spear!
You die...

#.. #.# #.#
#g## #######..
#.....g.# #
#g#####.#
.##.##g#.g<#.#
.......#@#.#.#
#5g)#...#
#.####### #.
#. #. #. #. ..


You could see 2 gnolls and a friendly white imp (summoned).

Vanquished Creatures
  A gnoll (D:2)
  A ball python (D:1)
  A giant cockroach (D:1)
  A hobgoblin (D:1)
  A quokka (D:1)
  A bat (D:1)
  3 kobolds (D:1)
  2 rats (D:1)
11 creatures vanquished.

Vanquished Creatures (collateral kills)
  A hobgoblin (D:1)
1 creature vanquished.

Grand Total: 12 creatures vanquished

Notes
Turn   | Place    | Note
-------+----------+-------------------------------------------
     0 | D:1      | Flippered the Hill Orc Summoner began the quest for the
                  | Orb.
     0 | D:1      | Reached XP level 1. HP: 14/14 MP: 3/3
   527 | D:1      | Reached XP level 2. HP: 22/22 MP: 2/4
   590 | D:1      | Reached skill level 1 in Fighting
   731 | D:1      | Found a faded altar of an unknown god.
  1068 | D:1      | Learned a level 2 spell: Call Imp
  1125 | D:2      | Slain by a gnoll

Illustrated notes

Levels and vault maps discovered:
D:1:      roderic_chinese_lattice_arrival, layout_loops_cross, serial_forest,
          infiniplex_forest_straight_4, infiniplex_forest_end_1,
          infiniplex_forest_diagonal, infiniplex_forest_clump_small,
          infiniplex_forest_straight_4, infiniplex_forest_lined_ring,
          infiniplex_forest_straight_5, infiniplex_forest_clump_curved,
          dreamdust_ecumenical_altar_sealed_demon, hex_medium,
          minmay_tromino_v4_c
D:2:      layout_basic, minmay_randomly_rotated_circles

Skill      XL: |  1  2 |
---------------+-------+-----
Fighting       | 1 |  1.1
Dodging        | |  1.5
Stealth        | |  1.5
Spellcasting   | |  1.5
Summonings     | |  4.3

Action                   || total
-------------------------++-------
Melee: Whip              ||    15
       Unarmed           ||     5
       Hand axe          ||    21
       Punch             ||     1
 Cast: Summon Small Mamm ||     6
       Call Imp          ||     1
Armor: Robe              ||    10
Dodge: Dodged            ||    26
